 Dungeon Crawl Stone Soup version 0.32-a0-909-gc671339a80 (webtiles) character file.

Game seed: 14328059526961670461

350 Biggs the Shooter (level 6, -1/44 HPs)
             Began as a Coglin Hunter on Apr 7, 2024.
             Shot with an arrow by a centaur (17 damage)
             ... on level 5 of the Dungeon.
             The game lasted 00:03:45 (3473 turns).

Biggs the Shooter (Coglin Hunter)                   Turns: 3473, Time: 00:03:45

Health: -1/44      AC:  3    Str: 11    XL:     6   Next: 61%
Magic:  6/6        EV: 11    Int:  8    God:
Gold:   185        SH:  0    Dex: 20    Spells: 5/5 levels left

rFire   . . .        a - +2 sling {Anneliese}
rCold   . . .        d - +0 sling {Jim}
rNeg    . . .        c - +0 leather armour
rPois   .            (no helmet)
rElec   .            (no cloak)
rCorr   .            (no gloves)
SInv    .            (no boots)
Will    .....        (amulet unavailable)
Stlth   ++           (ring unavailable)
HPRegen 0.27/turn    (ring unavailable)
MPRegen 0.10/turn    (no gizmo)

%: no passive effects
@: revved
A: off-hand wielding, slow wielding, warmup strikes, no jewellery
a: Invent Gizmo


You were on level 5 of the Dungeon.
You visited 1 branch of the dungeon, and saw 5 of its levels.

You collected 185 gold pieces.

Inventory:

Hand Weapons
 a - a +2 sling (weapon) {Anneliese}
 d - a +0 sling (offhand) {Jim}
Armour
 c - a +0 leather armour (worn)
Scrolls
 b - a scroll of butterflies
 e - a scroll of revelation {unknown}
 g - a scroll of acquirement {unknown}
 h - 2 scrolls of identify {unknown}
 j - 2 scrolls of amnesia {unknown}
 k - a scroll of silence {unknown}
 l - a scroll of enchant armour {unknown}
 n - a scroll of poison {unknown}
 o - 2 scrolls of blinking {unknown}
 p - a scroll of brand weapon {unknown}
 r - 3 scrolls of vulnerability
Potions
 f - 2 potions of mutation {unknown}
 i - 3 potions of lignification {unknown}
 m - 3 potions of enlightenment {unknown}
 q - a potion of attraction {unknown}
 s - a potion of haste {unknown}
 t - a potion of degeneration {unknown}


   Skills:
 - Level 2.0 Fighting
 + Level 7.0 Ranged Weapons
 - Level 1.7 Dodging
 - Level 0.7 Stealth


You had 5 spell levels left.
You didn't know any spells.
Your spell library was empty.

Dungeon Overview and Level Annotations

Branches:
Dungeon (5/15)
 Temple: D:4-7

Altars:
Dithmenos
Nemelex Xobeh

Annotations:
D:4 Dowan, Duvessa


Innate Abilities, Weirdness & Mutations

You can wield a second weapon in your off-hand.
It takes a long time for you to wield or remove held weapons.
Your first few attacks do less damage.
You cannot equip rings or amulets.


Message History

You shoot a sling bullet. The sling bullet hits the centaur.
The centaur is moderately wounded.
You shoot a sling bullet.
The sling bullet hits the centaur but does no damage.
The centaur is moderately wounded.
You hear a bark!
A jackal comes into view.
The centaur shoots an arrow.
The arrow closely misses you.
A jackal comes into view.
The jackal moves out of view.
You shoot a sling bullet.
The sling bullet closely misses the jackal.
The sling bullet hits the centaur.
The centaur is moderately wounded.
You shoot a sling bullet.
The sling bullet closely misses the jackal.
The sling bullet closely misses the centaur.
There are monsters nearby!
You shoot a sling bullet.
The sling bullet hits the jackal but does no damage.
You shoot a sling bullet.
The sling bullet barely misses the jackal.
The jackal closely misses you. The jackal barely misses you.
Unknown command.
You shoot a sling bullet.
The sling bullet hits the jackal but does no damage.
You shoot a sling bullet.
The sling bullet barely misses the jackal.
You shoot a sling bullet.
The sling bullet hits the jackal but does no damage.
You shoot a sling bullet. The sling bullet hits the jackal!
You kill the jackal!
The jackal bites you but does no damage.
Unknown command.
You shoot a sling bullet. The sling bullet misses the jackal.
You shoot a sling bullet. The sling bullet hits the jackal.
You kill the jackal!
The centaur shoots an arrow.
The arrow hits you!!
The centaur shoots an arrow.
The arrow hits you!
You die...

# # #. .# #.####
..## #
#.#....##.....
#.#.......c..⌠..
###.######@##
#.....<.....##
#.#.#..###...##
# #....#....#.#
##.#.#...>..#
##.#.##.....#
#....#......#
#..#.#......#
#......#....#


You could see a centaur.

Vanquished Creatures
  A phantom (D:4)
  A bombardier beetle (D:4)
  An orc priest (D:4)
  An iguana (D:4)
  An orc wizard (D:3)
  5 adders
  2 dart slugs (D:1)
  A ribbon worm (D:3)
  14 orcs
  10 ball pythons
  6 bats
  9 endoplasms
  5 giant cockroaches
  4 goblins
  8 hobgoblins
  2 jackals (D:5)
  10 kobolds
  6 quokkas
  3 frilled lizards
  6 rats
96 creatures vanquished.

Notes
Turn   | Place    | Note
-------+----------+-------------------------------------------
     0 | D:1      | Biggs the Coglin Hunter began the quest for the Orb.
     0 | D:1      | Reached XP level 1. HP: 16/16 MP: 1/1
   102 | D:1      | Reached skill level 4 in Ranged Weapons
   102 | D:1      | Reached XP level 2. HP: 22/22 MP: 2/2
   218 | D:1      | Noticed a shining eye
   223 | D:1      | Noticed a glass eye
   225 | D:1      | Found a faded altar of an unknown god.
   227 | D:1      | Noticed an eye of devastation
   227 | D:1      | Noticed a golden eye
   443 | D:1      | Reached XP level 3. HP: 27/27 MP: 3/3
  1117 | D:2      | Reached skill level 5 in Ranged Weapons
  1117 | D:2      | Reached XP level 4. HP: 33/33 MP: 4/4
  1735 | D:3      | Reached XP level 5. HP: 38/38 MP: 5/5
  2435 | D:4      | Noticed Duvessa
  2436 | D:4      | Noticed Dowan
  2585 | D:4      | Reached skill level 6 in Ranged Weapons
  2663 | D:4      | Reached XP level 6. HP: 40/44 MP: 6/6
  3035 | D:4      | Reached skill level 7 in Ranged Weapons
  3328 | D:4      | Found a sparkling altar of Nemelex Xobeh.
  3332 | D:4      | Found a shadowy altar of Dithmenos.
  3448 | D:5      | Entered Level 5 of the Dungeon
  3473 | D:5      | Shot with an arrow by a centaur

Illustrated notes

Levels and vault maps discovered:
D:1:      kilobyte_arrival_exit_the_forest, layout_loops_ring,
          hellmonk_ecumenical_altar_watching_god
D:2:      layout_loops_ring
D:3:      layout_basic, amethyst_killhole
D:4:      layout_layer_cave, jmf_multi_god_temple2, uniq_duvessa
D:5:      layout_basic, general_overflow_altar, nicolae_overflow_squiral,
          minmay_temple_entry_large_hall, serial_curves, eino_curves_02,
          eino_curves_02, grunt_ministairs_15, st_stairs_11

Skill      XL: |  1  2  3  4  5  6 |
---------------+-------------------+-----
Ranged Weapons | 4 5 6 7 |  7.0
Fighting       | |  2.0
Dodging        | |  1.7
Stealth        | |  0.7

Action                     |  1- 3 |  4- 6 || total
---------------------------+-------+-------++-------
   Fire: Sling             |   166 |   294 ||   460
    Use: Scroll            |       |     1 ||     1
 Armour: Leather armour    |    28 |    29 ||    57
  Dodge: Dodged            |    19 |    17 ||    36

Table legend: (Time is in decaauts)
 A = Elapsed time spent in this place.
 B = Non-inter-level travel time spent in this place.
 C = Inter-level travel time spent in this place.
 D = Time resting spent in this place.
 E = Time spent auto-exploring this place.
 F = Levels seen in this place.
 G = Mean time per level.
                   A        B        C        D        E       F      G
               +--------+--------+--------+--------+--------+-----+--------+
         Total |   3520 |   3410 |    110 |    179 |   2769 |   5 |  704.0 |
       Dungeon |   3520 |   3410 |    110 |    179 |   2769 |   5 |  704.0 |
               +--------+--------+--------+--------+--------+-----+--------+

Top non-repeatable levels by time:
     D:3: 1077 daAuts
     D:1: 863 daAuts
     D:4: 831 daAuts
     D:2: 722 daAuts
     D:5: 25 daAuts
